Map: Persephone LE

Players

ShoWTimE

  • Race: Protoss Protoss
  • League: Grandmaster
  • Spawn Location: 7:00

Zoun - Winner!

  • Race: Protoss Protoss
  • League: Master
  • Spawn Location: 11:00

Event: HomeStory Cup XXVII

VOD

Have the link to the VOD?

Description

Time

  • Played on: June 29, 2025, 3:55 p.m.
  • Length: 11:29

All games in this series

Show
View Real Time Build Order
Export as new Build Order

ShoWTimE Protoss 

Build Orders: Phoenix Opening, Blink Stalkers 

Get SALT Encoding   

  12  0:00  Probe  
  13  0:12  Probe  
  14  0:16  Pylon  
  14  0:23  Probe  
  15  0:31  Probe  
  15  0:36  Gateway  
  15  0:40  Probe  
  16  0:45  Assimilator  
  17  0:50  Probe  
  17  0:53  Assimilator  
  18  0:59  Probe  
  19  1:07  Gateway, Probe  
  20  1:17  Probe  
  20  1:23  Cybernetics Core  
  21  1:29  Probe  
  22  1:32  Pylon  
  22  1:41  Probe  
  23  1:56  Stalker  
  23  2:00  Warp Gate  
  25  2:06  Sentry  
  25  2:07  Probe  
  28  2:12  Pylon  
  28  2:30  Nexus  
  28  2:32  Probe  
  28  2:35  Sentry  
  31  2:45  Probe  
  31  2:48  Twilight Council  
  32  2:57  Probe  
  33  3:01  Sentry  
  33  3:03  Pylon  
  35  3:09  Probe  
  35  3:10  Blink  
  36  3:13  Stalker  
  36  3:18  Phoenix  
  38  3:21  Probe  
  38  3:26  Shield Battery  
  39  3:31  Probe  
  40  3:38  Probe  
  40  3:39  Probe  
  40  3:46  Probe  
  40  3:47  Probe  
  42  3:51  Stalker  
  46  3:56  Stalker  
  46  3:59  Probe  
  46  4:00  Probe  
  50  4:11  Probe  
  50  4:12  Probe  
  50  4:13  Phoenix  
  50  4:15  Stalker  
  54  4:23  Probe, Stalker  
  57  4:24  Probe  
  58  4:36  Probe x2  
  60  4:40  Pylon  
  60  4:42  Nexus  
  60  4:48  Probe x2  
  60  4:51  Assimilator  
  62  4:57  Pylon  
  62  5:00  Probe x2  
  62  5:02  Stalker x2  
  62  5:05  Robotics Facility  
  62  5:06  Phoenix  
  68  5:12  Probe  
  68  5:13  Probe, Charge  
  70  5:20  Gateway  
  70  5:23  Gateway  
  70  5:24  Probe  
  70  5:25  Probe  
  72  5:35  Pylon  
  72  5:36  Probe  
  72  5:37  Probe  
  72  5:40  Forge  
  74  5:43  Stalker  
  74  5:45  Protoss Ground Weapons Level 1  
  74  5:46  Pylon  
  74  5:47  Observer  
  74  5:48  Probe  
  74  5:49  Probe  
  79  5:59  Warp Prism  
  79  6:00  Gateway  
  79  6:02  Gateway  
  79  6:04  Gateway x2  
  81  6:15  Probe x2  
  81  6:16  Probe  
  84  6:19  Pylon  
  84  6:26  Zealot  
  84  6:27  Zealot x2  
  84  6:28  Zealot  
  84  6:32  Pylon  
  92  6:39  Pylon  
  92  6:47  Shield Battery, Stalker x3  
  92  6:50  Stalker  
  92  6:52  Shield Battery  
  92  6:53  Shield Battery  
  99  7:03  Zealot x4  
  99  7:08  Pylon  
  107  7:10  Phoenix  
  107  7:11  Zealot x3  
  107  7:14  Stalker  
  115  7:18  Shield Battery  
  115  7:23  Shield Battery  
  115  7:26  Stalker x2  
  115  7:29  Stalker x2  
  123  7:33  Stalker  
  125  7:38  Stalker x2  
  125  7:42  Stalker  
  131  7:45  Pylon  
  131  7:51  Stalker x2  
  122  7:58  Zealot x3  
  117  8:09  Protoss Ground Weapons Level 2  
  117  8:10  Stalker x3  
  123  8:14  Probe x2  
  123  8:19  Stalker x4  
  133  8:23  Pylon  
  133  8:24  Observer  
  133  8:26  Nexus  
  134  8:45  Zealot x5  
  144  8:49  Zealot x2  
  148  9:02  Stalker  
  146  9:05  Probe x3  
  146  9:06  Stalker x3  
  155  9:12  Stalker  
  157  9:20  Probe  
  157  9:22  Zealot  
  154  9:32  Pylon  
  154  9:33  Pylon  
  154  9:38  Zealot x7  
  156  9:40  Probe  
  156  9:41  Probe x3  
  160  9:51  Zealot  
  144  10:01  Zealot x7  
  150  10:11  Warp Prism  
  144  10:17  Probe  
  144  10:19  Probe  
  142  10:26  Probe x2  
  142  10:27  Probe  
  144  10:30  Probe  
  144  10:34  Probe  
  144  10:35  Probe  
  146  10:39  Templar Archives  
  146  10:42  Probe  
  149  10:47  Observer  
  149  10:50  Zealot x6  
  149  10:51  Zealot x2  
  166  10:58  Probe x2  
  166  11:01  Pylon  
  166  11:02  Pylon  
  144  11:15  Zealot x3  
  144  11:16  Stalker x3  
Show
View Real Time Build Order
Export as new Build Order

Zoun Protoss - Winner!

Build Orders: Oracle Opening, Phoenix Opening 

Get SALT Encoding   

  12  0:00  Probe  
  13  0:12  Probe  
  14  0:17  Pylon  
  14  0:23  Probe  
  15  0:31  Probe  
  15  0:36  Gateway  
  15  0:40  Probe  
  16  0:45  Assimilator  
  17  0:51  Probe  
  17  0:54  Assimilator  
  18  0:59  Probe  
  19  1:07  Gateway, Probe  
  19  1:17  Probe  
  20  1:24  Cybernetics Core  
  21  1:29  Probe  
  22  1:33  Pylon  
  22  1:41  Probe  
  23  1:51  Warp Gate  
  23  1:53  Probe  
  24  2:00  Sentry  
  28  2:05  Probe  
  29  2:12  Pylon  
  27  2:24  Nexus  
  27  2:29  Sentry  
  29  2:32  Phoenix, Shield Battery  
  29  2:36  Stalker  
  30  2:54  Stargate  
  30  2:57  Stalker  
  34  3:13  Probe  
  33  3:21  Probe  
  33  3:27  Oracle  
  33  3:29  Probe  
  34  3:36  Probe  
  38  3:41  Oracle, Probe  
  38  3:48  Probe, Robotics Facility  
  39  3:54  Probe  
  41  4:00  Probe  
  42  4:06  Probe  
  42  4:09  Probe  
  43  4:12  Forge  
  44  4:17  Probe  
  44  4:18  Probe  
  44  4:22  Stalker x2  
  44  4:23  Pylon  
  50  4:27  Probe  
  50  4:30  Probe  
  52  4:31  Immortal, Pylon  
  52  4:39  Probe  
  52  4:42  Probe  
  52  4:44  Protoss Ground Weapons Level 1  
  58  4:47  Assimilator  
  58  4:51  Probe  
  59  4:54  Probe  
  59  4:58  Twilight Council  
  60  5:02  Pylon  
  60  5:03  Probe  
  60  5:06  Pylon  
  61  5:09  Immortal  
  65  5:28  Resonating Glaives  
  65  5:31  Gateway  
  65  5:32  Gateway, Adept x2  
  69  5:45  Nexus, Warp Prism  
  71  5:51  Pylon  
  71  5:54  Sentry  
  73  6:08  Gateway  
  73  6:09  Gateway  
  73  6:19  Gateway, Stalker x2  
  73  6:21  Observer  
  78  6:29  Adept x2  
  82  6:38  Pylon  
  82  6:39  Pylon  
  82  6:48  Stalker x2  
  82  6:53  Stalker  
  88  6:59  Adept  
  90  7:11  Observer, Adept x4  
  98  7:16  Protoss Ground Weapons Level 2  
  98  7:17  Observer, Adept x2  
  98  7:18  Probe  
  98  7:19  Probe x2  
  98  7:20  Adept  
  107  7:31  Probe x3  
  110  7:37  Adept x4  
  110  7:43  Probe x3  
  115  7:55  Probe  
  106  8:01  Adept x7  
  118  8:18  Probe  
  118  8:19  Probe  
  120  8:20  Probe  
  120  8:21  Gateway, Shield Battery  
  120  8:22  Pylon  
  120  8:23  Immortal  
  125  8:28  Pylon, Blink  
  125  8:29  Pylon  
  125  8:32  Assimilator  
  125  8:40  Probe  
  126  8:42  Photon Cannon  
  126  8:45  Adept x3  
  132  8:52  Adept  
  132  8:53  Immortal, Adept x3  
  140  9:12  Adept x3  
  144  9:23  Adept x5  
  138  9:33  Stalker x3  
  142  9:41  Pylon x2  
  142  9:53  Adept x3  
  142  9:59  Warp Prism  
  148  10:09  Adept x5  
  160  10:16  Stalker x3  
  160  10:20  Pylon  
  160  10:22  Pylon  
  158  10:31  Adept x3  
  158  10:35  Observer  
  162  10:39  Stalker x2  
  162  10:40  Nexus  
  162  10:41  Sentry, Adept  
  171  10:46  Pylon  
  171  10:49  Adept  
  173  10:54  Adept x3  
  179  11:06  Adept x4  
  185  11:12  Adept  
  165  11:19  Stalker x4  
Tags
 
Add a new tag
Caveats
  • Supply blocks, unpowered buildings, or Contaminate may cause inaccurate times.
  • Supply counts are checked every 10 seconds.